 Dungeon Crawl Stone Soup version 0.18.1-50-g88ac8fd (webtiles) character file.

112 Krapule the Insei (level 4, -1/24 HPs)
             Began as a Vine Stalker Monk on Sept 30, 2016.
             Killed by nerve-wracking pain
             ... invoked by an orc priest
              (9 damage)
             ... on level 3 of the Dungeon.
             The game lasted 00:08:56 (1739 turns).

Krapule the Insei (Vine Stalker Monk)               Turns: 1739, Time: 00:08:57

Health: -1/24      AC:  3    Str: 14    XL:     4   Next: 93%
Magic:  0/5        EV: 14    Int: 10    God:
Gold:   140        SH:  0    Dex: 21    Spells: 0 memorised, 3 levels left

rFire  . . .     SeeInvis .       - Unarmed
rCold  . . .     Gourm    .     a - +0 robe
rNeg   . . .     Faith    .     (no shield)
rPois  .         Spirit   +     (no helmet)
rElec  .         Dismiss  .     e - +0 cloak
rCorr  .         Reflect  .     (no gloves)
SustAt .         Harm     .     (no boots)
MR     .....                    (no amulet)
Stlth  +++.......               (no ring)
                                r - +4 ring of dexterity

@: not resistant to hostile enchantments, fairly stealthy
A: fangs 2, regeneration 1, magic shield, antimagic bite, no device heal 3, rot
immunity
a: no special abilities


You were on level 3 of the Dungeon.
You were hungry.

You visited 1 branch of the dungeon, and saw 3 of its levels.

You collected 140 gold pieces.

Inventory:

Armour
 a - a +0 robe (worn)
 e - a +0 cloak (worn)
Jewellery
 r - a +4 ring of dexterity (left hand)
Scrolls
 c - 2 scrolls of recharging {unknown}
 g - 4 scrolls of identify {unknown}
 h - a scroll of enchant weapon {unknown}
 j - 3 scrolls of immolation {unknown}
 m - a scroll of blinking {unknown}
 p - a scroll of amnesia {unknown}
 q - 2 scrolls of remove curse {unknown}
 s - a scroll of enchant armour {unknown}
 t - a scroll of magic mapping {unknown}
Potions
 d - a potion of flight {unknown}
 f - a potion of curing {unknown}
 k - a potion of mutation {unknown}
 u - a potion of cure mutation {unknown}
Comestibles
 b - 5 bread rations
 i - a slice of pizza
 l - 3 royal jellies
 n - a meat ration
 o - 2 beef jerkies


   Skills:
 + Level 3.3 Fighting
 + Level 1.0 Armour
 + Level 3.1 Dodging
 + Level 3.4 Stealth
 + Level 4.3 Unarmed Combat


You had 3 spell levels left.
You didn't know any spells.

Dungeon Overview and Level Annotations

Branches:
Dungeon (3/15)

Altars:
Okawaru

Annotations:
D:2 Sigmund


Innate Abilities, Weirdness & Mutations

You have extremely sharp teeth.
Your natural rate of healing is unusually fast.
When hurt, damage is shared between your health and your magic reserves.
Your bite disrupts and absorbs the magic of your enemies.
Potions and wands cannot restore your health.
You are immune to rotting.


Message History

The orc priest closely misses you.
You barely miss the orc priest.
The orc priest is moderately wounded.
The orc priest calls down the wrath of Beogh upon you.
Beogh smites you!
You hit the orc priest.
The orc priest is severely wounded.
The orc priest hits you with a morningstar!
You hit the orc priest but do no damage.
The orc priest is severely wounded.
You barely miss the orc priest. You bite the orc priest. You drain its power.
You feel invigorated.
The orc priest is severely wounded.
The orc priest closely misses you.
You hit the orc priest but do no damage.
Your bite misses the orc priest.
The orc priest is severely wounded.
The orc priest calls down the wrath of Beogh upon you.
Pain shoots through your body!
You die...

#..........########
#.###..##### #.#
#..#### #.#
#.....### #.#
#.#.....# #.#
#.#.###.###
####†###.#.# ...
#..........###.#
#.....†.#...o@.#
#.....†###.....#
#.o............#
####....#[).).#...#
.....#.##.._..##..#
###..#..#.).).#...#
.................##
###.##....###...##
#.##.....# ..##


You could see an orc priest.

Vanquished Creatures
  6 adders
  An ooze (D:1)
  A worm (D:2)
  A giant gecko (D:1)
  2 orcs
  4 giant cockroaches
  5 goblins
  6 hobgoblins (D:2)
  5 jackals
  6 kobolds
  A quokka (D:3)
  A ball python (D:2)
  4 bats
  A giant newt (D:1)
  4 rats
48 creatures vanquished.

Notes
Turn   | Place    | Note
--------------------------------------------------------------
     0 | D:1      | Krapule the Vine Stalker Monk began the quest for the Orb.
     0 | D:1      | Reached XP level 1. HP: 11/11 MP: 2/2
    79 | D:1      | Reached XP level 2. HP: 11/16 MP: 3/3
   745 | D:2      | Reached XP level 3. HP: 19/20 MP: 4/4
   876 | D:2      | Reached skill level 1 in Armour
   938 | D:2      | Reached XP level 4. HP: 10/24 MP: 2/5
  1205 | D:2      | Noticed Sigmund
  1566 | D:3      | Found an iron altar of Okawaru.
  1739 | D:3      | Killed from afar by an orc priest

Skill      XL: |  1  2  3  4 |
---------------+-------------+-----
Fighting       | 3 |  3.3
Armour         | 1 |  1.0
Dodging        | 3 |  3.1
Stealth        | 3 |  3.4
Unarmed Combat | |  4.3

Action                   |  1- 3 |  4- 6 || total
-------------------------+-------+-------++-------
Melee: Unarmed           |    92 |   106 ||   198
       Bite              |    19 |    27 ||    46
       Punch             |     2 |     2 ||     4
 Stab: Sleeping          |     3 |     1 ||     4
       Distracted        |     1 |       ||     1
  Eat: Chunk             |       |     2 ||     2
Armor: Robe              |    15 |    20 ||    35
Dodge: Dodged            |    45 |    74 ||   119
